 Dungeon Crawl Stone Soup version 0.16.1-30-g34a7ffa (webtiles) character file.

1073 Krapule the Caller (level 8, -3/52 HPs)
             Began as a Mummy Summoner on June 18, 2015.
             Was a Believer of Okawaru.
             Slain by an orc warrior
             ... wielding a +0 mace
              (11 damage)
             ... on level 6 of the Dungeon.
             The game lasted 00:53:00 (7206 turns).

Krapule the Caller (Mummy Summoner)                 Turns: 7206, Time: 00:53:00

Health: -3/52      AC:  7    Str: 13    XL:     8   Next: 7%
Magic:  15/18      EV: 13    Int: 20    God:    Okawaru [**....]
Gold:   288        SH:  0    Dex: 12    Spells: 3 memorised, 8 levels left

rFire  x . .     SeeInvis .     j - +2 dagger (drain)
rCold  + . .     Clarity  .     w - +0 leather armour "Itilar" {+Inv Regen+ Str+2 Slay-4 Stlth+}
rNeg   + + +     SustAb   .     (no shield)
rPois  ∞         Gourm    .     m - +0 helmet
rElec  .         Spirit   .     o - +0 cloak
rCorr  .         Warding  .     v - +0 pair of gloves (curse)
rMut   .         Stasis   .     k - +0 pair of boots
MR     +....                    (no amulet)
Stlth  ++........               (no ring)
                                p - +4 ring of intelligence

@: somewhat resistant to hostile enchantments, unstealthy
A: no food or potions, fire vulnerability, restore body, cold resistance 1,
negative energy resistance 3, poison resistance, torment resistance, unbreathing
a: Heroism, Renounce Religion, Evoke Invisibility


You were on level 6 of the Dungeon.
You worshipped Okawaru.
Okawaru was pleased with you.
You were not hungry.

You visited 2 branches of the dungeon, and saw 8 of its levels.

You collected 288 gold pieces.

Inventory:

Hand weapons
 j - a +2 dagger of draining (weapon)
 n - a +3 quarterstaff of chaos
 q - a +1 dagger of speed
Armour
 a - a +0 robe
 k - a +0 pair of boots (worn)
 m - a +0 helmet (worn)
 o - a +0 cloak (worn)
 v - a cursed +0 pair of gloves (worn)
 w - the +0 leather armour "Itilar" (worn) {+Inv Regen+ Str+2 Slay-4 Stlth+}
   (You found it on level 6 of the Dungeon)

   It affects your strength (+2).
   It affects your accuracy and damage with ranged weapons and melee attacks
   (-4).
   It lets you turn invisible.
   It increases your rate of regeneration.
   It makes you more stealthy.
Jewellery
 p - a +4 ring of intelligence (left hand)
 x - a +2 ring of intelligence
Magical devices
 l - a wand of random effects (27)
Scrolls
 c - a scroll of amnesia {unknown}
 d - 5 scrolls of identify {unknown}
 e - a scroll of random uselessness {unknown}
 f - a scroll of recharging {unknown}
 g - a scroll of noise {unknown}
 h - 4 scrolls of remove curse {unknown}
 i - a scroll of enchant weapon {unknown}
 r - a scroll of magic mapping {unknown}
 s - 2 scrolls of fog {unknown}
 t - 2 scrolls of teleportation {unknown}
 u - a scroll of vulnerability {unknown}
 y - a scroll of immolation {unknown}
Books
 b - a book of Callings

   Spells                             Type                      Level
   a - Summon Small Mammal            Summoning                    1
   b - Call Imp                       Summoning                    2
   c - Call Canine Familiar           Summoning                    3
   d - Summon Guardian Golem          Hexes/Summoning              4
   e - Summon Lightning Spire         Summoning/Air                4
   f - Summon Ice Beast               Ice/Summoning                4


   Skills:
 + Level 4.5 Dodging
 - Level 1.5 Stealth
 + Level 4.0 Spellcasting
 + Level 2.9 Hexes
 + Level 5.4 Summonings
 + Level 2.3 Invocations


You had 8 spell levels left.
You knew the following spells:

 Your Spells              Type           Power        Failure   Level  Hunger
a - Summon Small Mammal   Summ           ####         1%          1    N/A
b - Call Imp              Summ           ####....     3%          2    N/A
c - Summon Guardian Gole  Hex/Summ       ###.....     30%         4    N/A

Dungeon Overview and Level Annotations

Branches:
Dungeon (7/15)             Temple (1/1) D:5

Altars:
Ashenzari
Gozag
Kikubaaqudgha
Makhleb
Nemelex Xobeh
Okawaru
Qazlal
Ru
Trog
The Shining One

Annotations:
D:2 Sigmund
D:7 Joseph


Innate Abilities, Weirdness & Mutations

You do not eat or drink.
Your flesh is vulnerable to fire.
Your flesh is cold resistant.
You are immune to negative energy.
Your system is resistant to poisons.
You are immune to unholy pain and torment.
You can survive without breathing.


Message History

The orc barely misses you. The orc warrior hits you with a mace!
You barely miss the orc.
The orc is heavily wounded.
The orc hits you but does no damage. The orc warrior misses you.
You closely miss the orc.
The orc is heavily wounded.
The orc hits you but does no damage.
You hit the orc.
The orc is severely wounded.
The orc warrior hits you with a mace!
* * * LOW HITPOINT WARNING * * *
The orc hits you but does no damage.
You hit the orc.
The orc is severely wounded.
The orc warrior hits you with a mace.
* * * LOW HITPOINT WARNING * * *
You hit the orc but do no damage.
The orc is severely wounded.
The orc completely misses you. The orc warrior hits you with a mace!
You die...

##### #######...########
.................#
#.#####...######.# ..........!..#
#.# <.##########.# #o# ..# #.#
#@# ..# #.# #o# ..# #.# #.# #.#
##.###.########### #.#
#.....)..........# #.#
#.....>.#.#.####.#
#.#########.####....#.####.######
#.........>.####.....#...........
###########.#.........####.####..


You could see an orc warrior and an orc.

Vanquished Creatures
  A water moccasin (D:6)
  A giant frog (D:6)
  A scorpion (D:5)
  A giant frog skeleton (D:7)
  2 worker ants
  Ijyb (D:3)
  Jessica (D:2)
  3 adders
  2 worms
  An adder skeleton (D:3)
  3 giant geckos
  6 orcs
  3 bat skeletons
  A bat zombie (D:6)
  16 goblins
  11 hobgoblins
  4 quokkas
  7 bats
  A giant cockroach (D:3)
  A giant gecko skeleton (D:4)
  4 giant newts
  8 kobolds
  19 rats
98 creatures vanquished.

Vanquished Creatures (collateral kills)
  Prince Ribbit (D:6)
  Edmund (D:7)
  2 sky beasts (D:6)
  A centaur (D:5)
  3 ogres (D:4)
  Dowan (D:7)
  A hound (D:6)
  A crimson imp (D:6)
  A jelly (D:5)
  Crazy Yiuf (D:3)
  A worker ant (D:7)
  An orc wizard (D:3)
  An iguana (D:5)
  A hound skeleton (D:4)
  Robin (D:2)
  2 adders (D:4)
  A worm (D:3)
  An adder zombie (D:7)
  3 giant geckos
  4 oozes
  8 orcs
  3 bats
  2 giant cockroaches
  17 goblins
  5 hobgoblins
  2 jackals (D:1)
  2 ball pythons
  4 giant newts
  4 kobolds
  6 rats
82 creatures vanquished.

Vanquished Creatures (others)
  Eustachio (D:7)
  5 guardian golems
  Duvessa (D:7)
  6 crimson imps
  2 iron imps
  6 shadow imps
  12 white imps
  4 bats
  3 quokkas (D:2)
  6 rats
46 creatures vanquished.

Grand Total: 226 creatures vanquished

Notes
Turn   | Place    | Note
--------------------------------------------------------------
     0 | D:1      | Krapule, the Mummy Summoner, began the quest for the Orb.
     0 | D:1      | Reached XP level 1. HP: 13/13 MP: 3/3
   286 | D:1      | Reached XP level 2. HP: 17/19 MP: 1/4
   929 | D:1      | Reached XP level 3. HP: 22/24 MP: 4/6
  1511 | D:2      | Found an opulent altar of Gozag.
  1602 | D:2      | Noticed Jessica
  1608 | D:2      | Killed Jessica
  1639 | D:2      | Learned a level 2 spell: Call Imp
  1754 | D:2      | Found a shattered altar of Ashenzari.
  1776 | D:2      | Reached XP level 4. HP: 27/30 MP: 6/8
  1779 | D:2      | Noticed Sigmund
  1931 | D:2      | Noticed Robin
  1958 | D:2      | Killed Robin
  2436 | D:3      | Noticed Ijyb
  2467 | D:3      | Killed Ijyb
  2467 | D:3      | Reached skill level 4 in Summonings
  2735 | D:3      | Noticed Crazy Yiuf
  2751 | D:3      | Killed Crazy Yiuf
  2751 | D:3      | Reached XP level 5. HP: 29/35 MP: 3/11
  2924 | D:3      | Found an ancient bone altar of Kikubaaqudgha.
  3447 | D:4      | Noticed an ogre
  3462 | D:4      | Killed an ogre
  3611 | D:4      | Noticed an ogre
  3636 | D:4      | Killed an ogre
  3707 | D:4      | Reached XP level 6. HP: 33/41 MP: 13/13
  3776 | D:4      | Noticed an ogre
  3780 | D:4      | Killed an ogre
  3970 | D:5      | Entered Level 5 of the Dungeon
  4158 | D:5      | Learned a level 4 spell: Summon Guardian Golem
  4660 | D:5      | Found a staircase to the Ecumenical Temple.
  4666 | Temple   | Entered the Ecumenical Temple
  4709 | Temple   | Became a worshipper of Warmaster Okawaru
  4806 | D:5      | Reached skill level 1 in Hexes
  5266 | D:6      | Reached XP level 7. HP: 35/46 MP: 13/17
  5314 | D:6      | Reached skill level 5 in Summonings
  5610 | D:6      | Noticed Prince Ribbit
  5630 | D:6      | Killed Prince Ribbit
  5630 | D:6      | Acquired Okawaru's first power
  5630 | D:6      | Reached skill level 1 in Invocations
  5875 | D:6      | Got an amethyst-studded leather armour
  5886 | D:6      | Identified the +0 leather armour "Itilar" {+Inv Regen+ Str+2 Slay-4 Stlth+} (You found it on level 6 of the Dungeon)
  5939 | D:6      | Noticed a water moccasin
  5984 | D:6      | Killed a water moccasin
  6560 | D:7      | Noticed Edmund
  6560 | D:7      | Noticed Eustachio
  6669 | D:7      | Killed Edmund
  6673 | D:7      | Killed Eustachio
  6748 | D:7      | Reached XP level 8. HP: 52/52 MP: 13/18
  6820 | D:7      | Noticed Dowan
  6822 | D:7      | Noticed Duvessa
  6841 | D:7      | Killed Duvessa
  6848 | D:7      | Killed Dowan
  6916 | D:7      | Noticed Joseph
  7206 | D:6      | Slain by an orc warrior

Action                   |  1- 3 |  4- 6 |  7- 9 || total
-------------------------+-------+-------+-------++-------
Melee: Short sword       |    76 |       |       ||    76
       Unarmed           |     1 |       |       ||     1
       Dagger            |    31 |   170 |   213 ||   414
 Cast: Summon Small Mamm |    42 |     1 |       ||    43
       Call Imp          |       |    52 |    29 ||    81
       Summon Guardian G |       |       |    10 ||    10
Evoke: Wand              |       |       |     1 ||     1
 Stab: Sleeping          |     1 |     5 |     3 ||     9
       Distracted        |     1 |     2 |       ||     3
